 Dungeon Crawl Stone Soup version 0.28-a0-461-g2dc4ca5097 (webtiles) character file.

Game seed: 911857884494667224

19789 wakim the Impaler (level 12, -10/100 HPs)
             Began as a Merfolk Berserker on Sept 13, 2021.
             Was a High Priest of Trog.
             Mangled by a minotaur (35 damage)
             ... in a Gauntlet.
             The game lasted 00:44:43 (13303 turns).

wakim the Impaler (Merfolk Berserker)              Turns: 13303, Time: 00:44:43

Health: -10/100    AC: 32    Str: 15    XL:     12   Next: 72%
Magic:  12/12      EV:  8    Int:  9    God:    Trog [*****.]
Gold:   625        SH:  0    Dex: 17    Spells: 11/11 levels left

rFire   . . .      SeeInvis .   a - +10 demon trident of Galoezowk {vorpal, Will+}
rCold   + + .      Faith    .   (no shield)
rNeg    + . .      Spirit   .   i - +10 plate armour of Origoch {rC++ Str-3 Int+2}
rPois   .          Reflect  .   g - +2 hat {Will+}
rElec   .          Harm     .   o - +2 cloak
rCorr   .          Rampage  .   f - +2 pair of gloves
Will    ++++.      NoTele   +   (no boots)
Stlth   ..........              e - amulet of regeneration
HPRegen 2.26/turn               j - ring of positive energy
MPRegen 0.13/turn               (no ring)

@: strong-willed, on berserk cooldown, regenerating, hasted, very quick
A: (nimble swimmer 2), mertail
a: Renounce Religion, Berserk, Trog's Hand, Brothers in Arms


You were in a Gauntlet.
You worshipped Trog.
Trog was extremely pleased with you.
You visited 3 branches of the dungeon, and saw 13 of its levels.
You also visited: Sewer and Gauntlet.

You collected 707 gold pieces.
You spent 82 gold pieces at shops.

Inventory:

Hand Weapons
 a - the +10 demon trident of Galoezowk (weapon) {vorpal, Will+}
   (You acquired it on level 8 of the Dungeon)

   It inflicts extra damage upon your enemies.
   Will:      It increases your willpower.
Missiles
 b - 7 javelins
 h - 8 boomerangs
 k - a curare-tipped dart {=f}
 w - a throwing net {=f!f}
 z - 23 poisoned darts (quivered)
Armour
 d - the +3 leather armour of the Tundras {rC+ Str+7}
   (You found it on level 8 of the Dungeon)

   Str:       It affects your strength (+7).
   rC:        It protects you from cold.
 f - a +2 pair of gloves (worn)
 g - a +2 hat of willpower (worn)
 i - the +10 plate armour of Origoch (worn) {rC++ Str-3 Int+2}
   (You acquired it on level 5 of the Dungeon)

   Str:       It affects your strength (-3).
   Int:       It affects your intelligence (+2).
   rC:        It greatly protects you from cold.
 l - a scarf of repulsion
 o - a +2 cloak (worn)
Jewellery
 e - an amulet of regeneration (around neck)
 j - a ring of positive energy (left hand)
 m - an amulet of reflection
Wands
 u - a wand of mindburst (10)
 x - a wand of iceblast (24)
 y - a wand of paralysis (14)
Scrolls
 c - 4 scrolls of enchant armour
 r - 6 scrolls of identify
 R - 4 scrolls of magic mapping {!r}
 T - 4 scrolls of teleportation
 U - 3 scrolls of fear
 Y - a scroll of blinking {!r}
Potions
 A - 5 potions of ambrosia
 B - a potion of attraction {!q}
 F - 9 potions of curing
 H - a potion of haste
 J - 2 potions of heal wounds
 K - a potion of magic
 M - a potion of mutation {!q}
 N - 2 potions of might


   Skills:
 + Level 11.6 Fighting
 - Level 16.0 Polearms
 * Level 6.4 Throwing
 + Level 7.9 Armour
 - Level 10.0 Dodging
 * Level 6.1 Stealth


You had 11 spell levels left.
You didn't know any spells.
Your spell library was empty.

Dungeon Overview and Level Annotations

Branches:
Dungeon (11/15)            Temple (1/1) D:4            Lair (1/6) D:11
    Orc (0/2) D:11          Sewer (visited)         Gauntlet (1/1)

Altars:
Ashenzari
Dithmenos
Elyvilon
Qazlal
Vehumet
Wu Jian
Xom
Yredelemnul

Shops:
D:8 ?   D:9 (

Portals:
Trove: D:11 (give 6 scrolls of fog)

Annotations:
Gauntlet 6 transporters


Innate Abilities, Weirdness & Mutations

((You are quick and stealthy near water. (Stealth+, EV+, Speed+++)))
Your lower body shifts to a powerful aquatic tail in water.


Message History

You barely miss the minotaur.
The minotaur is lightly wounded.
The minotaur hits you but does no damage.
The minotaur gores you but does no damage.
You impale the minotaur!!
The minotaur is heavily wounded.
You hit the minotaur but do no damage.
The minotaur is heavily wounded.
The minotaur drinks a potion.
The minotaur goes berserk!
You barely miss the minotaur.
The minotaur is heavily wounded.
The minotaur hits you. The minotaur barely misses you.
You hit the minotaur.
The minotaur is heavily wounded.
The minotaur hits you!
The minotaur gores you but does no damage.
You hit the minotaur but do no damage.
The minotaur is heavily wounded.
You hit the minotaur but do no damage.
The minotaur is heavily wounded.
The minotaur hits you.
The minotaur gores you but does no damage.
You completely miss the minotaur.
The minotaur is heavily wounded.
The minotaur hits you!!
* * * LOW HITPOINT WARNING * * *
The minotaur gores you but does no damage.
Okay, then.
You feel much better. The minotaur hits you!
The minotaur gores you but does no damage.
The minotaur barely misses you. x2
Unknown command.
You impale the minotaur!!
The minotaur is severely wounded.
The minotaur hits you!!!
* * * LOW HITPOINT WARNING * * *
The minotaur gores you but does no damage.
Okay, then.
You feel yourself speed up. The minotaur hits you!!
You die...

##### ≈≈≈≈≈ ≈∩≈ ...
###.### #..H..#
#######@#######
#.............#
#.###.###.###.#
#.###.###.###.#
#.............#
###.###.###.###
#####.###.###.#####
#≈...............≈#
###
#8.8.8..©.©..8.8.8#
###


You could see a minotaur (berserk).

Vanquished Creatures
  Snorg (D:11)
  Josephine (D:10)
  A hydra (D:10)
  Erica (D:9)
  2 two-headed ogres
  A two-headed ogre (shapeshifter) (Gauntlet)
  A sixfirhy (Gauntlet)
  Pikel (D:9)
  A cyclops (shapeshifter) (Gauntlet)
  Joseph (D:7)
  An elephant (shapeshifter) (Gauntlet)
  3 centaur zombies
  A black mamba (Lair:1)
  2 cane toads (Lair:1)
  A rime drake (Lair:1)
  2 gargoyles
  2 komodo dragons (D:10)
  A troll (D:7)
  Grinder (D:4)
  2 hornets
  A shadow (D:9)
  8 yaks
  5 wraiths
  A hog (shapeshifter) (D:11)
  5 steam dragons
  A basilisk (D:10)
  Grum (D:8)
  An acid dragon (D:9)
  6 water moccasins
  5 small abominations (Gauntlet)
  A black bear (D:11)
  2 sky beasts
  2 ogres
  6 orc warriors
  2 necrophages
  5 centaurs
  3 wolves (D:7)
  A centaur (shapeshifter) (Gauntlet)
  A lemure (D:9)
  2 kobold brigands
  11 bullfrogs
  2 scorpions (D:5)
  4 wights (D:6)
  9 killer bees
  A howler monkey (D:8)
  A jelly (D:4)
  2 orc priests
  A bullfrog skeleton (D:6)
  2 hounds
  10 iguanas
  A scorpion zombie (D:4)
  8 orc wizards
  2 hound skeletons
  2 howler monkey zombies (D:7)
  A gnoll (D:3)
  6 adders
  A shadow imp (D:4)
  3 ufetubi (Gauntlet)
  An adder zombie (D:3)
  2 adder skeletons
  A worm (Sewer)
  5 dart slugs
  18 orcs
  6 ball pythons
  5 bats
  13 endoplasms
  3 giant cockroaches
  6 goblins
  12 hobgoblins
  4 quokkas (D:3)
  7 frilled lizards
  19 kobolds
  A quokka skeleton (D:3)
  6 rats
262 creatures vanquished.

Vanquished Creatures (others)
  4 demonic plants (Gauntlet)
  29 fungi
  29 plants
62 creatures vanquished.

Grand Total: 324 creatures vanquished

Notes
Turn   | Place    | Note
-------+----------+-------------------------------------------
     0 | D:1      | wakim the Merfolk Berserker began the quest for the Orb.
     0 | D:1      | Reached XP level 1. HP: 18/18 MP: 1/1
   179 | D:1      | Reached XP level 2. HP: 20/24 MP: 2/2
   505 | D:1      | Reached skill level 5 in Polearms
   845 | D:1      | Reached XP level 3. HP: 25/29 MP: 3/3
  1115 | D:2      | Found a faded altar of an unknown god.
  1132 | D:2      | Reached ** piety under Trog
  1341 | D:3      | Found a glowing drain.
  1410 | Sewer    | Entered a sewer
  1691 | Sewer    | Reached XP level 4. HP: 31/37 MP: 4/4
  1953 | Sewer    | Noticed a kobold brigand
  1972 | Sewer    | Killed a kobold brigand
  1973 | Sewer    | Reached skill level 6 in Polearms
  1973 | Sewer    | Reached XP level 5. HP: 39/42 MP: 5/5
  2728 | D:3      | Noticed a steam dragon
  2761 | D:3      | Killed a steam dragon
  2762 | D:3      | Reached skill level 7 in Polearms
  2762 | D:3      | Reached XP level 6. HP: 17/49 MP: 6/6
  2944 | D:3      | Reached *** piety under Trog
  2956 | D:3      | Reached skill level 12 in Polearms
  2956 | D:3      | Reached skill level 5 in Armour
  2956 | D:3      | Reached XP level 7. HP: 60/60 MP: 7/7
  3021 | D:4      | Reached skill level 13 in Polearms
  3396 | D:4      | Reached XP level 8. HP: 68/68 MP: 8/8
  3583 | D:4      | Found a staircase to the Ecumenical Temple.
  3604 | D:4      | You fall into a shaft and drop 2 floors!
  4383 | D:5      | Entered Level 5 of the Dungeon
  4722 | D:4      | Noticed Grinder
  4735 | Temple   | Entered the Ecumenical Temple
  4745 | D:4      | Paralysed by Grinder for 4 turns
  4768 | D:4      | Killed Grinder
  4769 | D:4      | Reached XP level 9. HP: 74/74 MP: 9/9
  4796 | D:4      | Found a white marble altar of Elyvilon.
  4967 | D:4      | Found a basalt altar of Yredelemnul.
  5460 | D:4      | Reached skill level 1 in Stealth
  5867 | D:5      | Identified a scroll of acquirement
  5867 | D:5      | Acquired the +10 plate armour of Origoch {rC++ Str-3 Int+2}
  7147 | D:6      | Reached skill level 14 in Polearms
  7381 | D:7      | Identified the +0 leather armour of Free Will {+Inv rPois
                  | Dex-5}
  7394 | D:7      | Noticed a gargoyle
  7401 | D:7      | Killed a gargoyle
  7471 | D:7      | Noticed a hornet
  7475 | D:7      | Paralysed by a hornet for 1 turns
  7479 | D:7      | Paralysed by a hornet for 1 turns
  7491 | D:7      | Killed a hornet
  7719 | D:7      | Noticed Joseph
  7734 | D:7      | Killed Joseph
  7735 | D:7      | Reached XP level 10. HP: 82/82 MP: 10/10
  8248 | D:7      | Reached skill level 10 in Dodging
  8434 | D:8      | Noticed Grum
  8636 | D:8      | Killed Grum
  8845 | D:8      | Reached **** piety under Trog
  8976 | D:8      | Identified the +3 leather armour of the Tundras {rC+ Str+7}
  9059 | D:8      | Noticed a two-headed ogre
  9269 | D:8      | Found Apaijyf's Magic Scroll Boutique.
  9275 | D:8      | Bought a scroll of magic mapping for 38 gold pieces
  9275 | D:8      | Bought a scroll of identify for 22 gold pieces
  9275 | D:8      | Bought a scroll of identify for 22 gold pieces
  9379 | D:8      | Killed a two-headed ogre
  9380 | D:8      | Reached skill level 15 in Polearms
  9496 | D:8      | Acquired the +10 demon trident of Galoezowk {vorpal, Will+}
  9776 | D:9      | Found a broken altar of Ashenzari.
  9957 | D:9      | Noticed Erica
  9980 | D:9      | Killed Erica
  9981 | D:9      | Reached XP level 11. HP: 89/89 MP: 11/11
 10046 | D:9      | Noticed Pikel
 10059 | D:9      | Killed Pikel
 10517 | D:9      | Found Wawo's Weapon Emporium.
 10561 | D:10     | Entered Level 10 of the Dungeon
 10582 | D:10     | Reached skill level 16 in Polearms
 10914 | D:10     | Identified the +3 great sword "Buthrutye" {freeze, *Slow
                  | rF+ Str+6}
 11024 | D:10     | Noticed a two-headed ogre
 11038 | D:10     | Killed a two-headed ogre
 11039 | D:10     | Reached skill level 10 in Fighting
 11039 | D:10     | Reached skill level 1 in Throwing
 11534 | D:9      | Found a stormy altar of Qazlal.
 11534 | D:9      | Found a shadowy altar of Dithmenos.
 11534 | D:9      | Found an ornate altar of the Wu Jian Council.
 11534 | D:9      | Found a radiant altar of Vehumet.
 11951 | D:11     | Noticed Josephine
 11981 | D:10     | Killed Josephine
 11981 | D:10     | Reached ***** piety under Trog
 11984 | D:10     | Reached XP level 12. HP: 99/99 MP: 12/12
 12042 | D:11     | Noticed Snorg
 12080 | D:11     | Noticed a four-headed hydra
 12080 | D:11     | Found a staircase to the Orcish Mines.
 12091 | D:10     | Killed a four-headed hydra
 12171 | D:11     | Killed Snorg
 12381 | D:11     | Reached skill level 5 in Throwing
 12432 | D:11     | Found a staircase to the Lair.
 12522 | D:11     | Found a portal to a secret trove of treasure.
 12693 | Lair:1   | Entered Level 1 of the Lair of Beasts
 12856 | Lair:1   | Received a gift from Trog
 12896 | Lair:1   | Reached skill level 5 in Stealth
 12927 | Lair:1   | Found a gate leading to a gauntlet.
 12941 | Gauntlet | Entered a Gauntlet
 12941 | Gauntlet | Found a transporter.
 12941 | Gauntlet | Found a transporter.
 12941 | Gauntlet | Found a transporter.
 12943 | Gauntlet | Found a transporter.
 12945 | Gauntlet | Found a transporter.
 12957 | Gauntlet | Found a transporter.
 12961 | Gauntlet | Found a transporter.
 12972 | Gauntlet | Noticed a green death
 12973 | Gauntlet | Found a transporter.
 13064 | Gauntlet | Found a transporter.
 13075 | Gauntlet | Found a transporter.
 13079 | Gauntlet | Found a transporter.
 13089 | Gauntlet | Found a transporter.
 13208 | Gauntlet | Noticed an anaconda
 13222 | Gauntlet | Noticed a two-headed ogre
 13222 | Gauntlet | an anaconda changed into a two-headed ogre
 13240 | Gauntlet | Killed a two-headed ogre
 13288 | Gauntlet | Noticed a minotaur
 13303 | Gauntlet | Mangled by a minotaur

Illustrated notes

Levels and vault maps discovered:
D:1:      evilmike_arrival_crescent, layout_loops_ring
D:2:      layout_basic, hellmonk_ecumenical_altar_heavens_door
D:3:      layout_loops_ring, portal_sewer_entry_f, kennysheep_doodads,
          minmay_divided_ellipse
D:4:      minmay_chambers_of_threes, layout_layer_cave, kennysheep_ying_yang,
          minmay_temple_entry_slanted, serial_bayou, serial_bayou_lake_a,
          serial_bayou_pond_a, serial_bayou_pond_a, moated_statue, uniq_grinder
D:5:      layout_basic
D:6:      layout_loops_cross, corexii_corridor_pit
D:7:      layout_basic, uniq_joseph
D:8:      layout_cave_pools, serial_shops, shop, uniq_grum
D:9:      layout_gridville, nicolae_overflow_hidden_temple, serial_shops,
          kennysheep_mini_moat, uniq_erica, uniq_pikel
D:10:     kennysheep_steamy, layout_basic, minmay_lizard_king
D:11:     layout_cave_pools, due_lair_maze_entry_diamond, david_orc_3,
          trove_entry_hex_spiral, uniq_josephine, uniq_snorg
Temple:   eino_wide_crystal_templ
Lair:1:   layout_regular_city, gauntlet_entry_generic, worms_lemuel,
          infiniplex_staircase_pool, grunt_megastairs_1
Gauntlet: gammafunk_gauntlet_hard_choice [nicolae_gauntlet_arena_flowing_pool,
          nicolae_gauntlet_swirl, gammafunk_gauntlet_arena_mazey,
          gammafunk_gauntlet_arena_crates, gammafunk_gauntlet_arena_corners,
          gammafunk_gauntlet_arena_split_diamond, gauntlet_exit_watery]

Skill      XL: |  1  2  3  4  5  6  7  8  9 10 11 12 |
---------------+-------------------------------------+-----
Dodging        | 3 4 8 9 10 | 10.0
Polearms       | 5 6 7 12 13 14 15 16 | 16.0
Armour         | 2 5 6 7 |  7.9
Fighting       | 4 7 8 9 10 11 | 11.6
Stealth        | 3 4 6 |  6.1
Throwing       | 4 6 |  6.4

Action                   |  1- 3 |  4- 6 |  7- 9 | 10-12 || total
-------------------------+-------+-------+-------+-------++-------
Melee: Spear             |   148 |   176 |   418 |       ||   742
       Tailslap          |     4 |     6 |     1 |     2 ||    13
       Halberd           |       |       |    37 |   159 ||   196
       Demon trident     |       |       |       |   305 ||   305
Throw: Dart              |       |       |       |    11 ||    11
Invok: Berserk           |       |     1 |     3 |    11 ||    15
       Trog's Hand       |       |     1 |     3 |     3 ||     7
Evoke: Wand              |       |       |     2 |       ||     2
  Use: Scroll            |       |     4 |    17 |     7 ||    28
       Potion            |       |     1 |       |     2 ||     3
 Stab: Sleeping          |     4 |       |       |       ||     4
Armor: Animal skin       |    14 |       |       |       ||    14
       Scale mail        |    20 |    43 |     1 |       ||    64
       Ring mail         |       |       |    27 |       ||    27
       Plate armour      |       |       |    74 |   238 ||   312
Dodge: Dodged            |    38 |    62 |   103 |   106 ||   309

Table legend: (Time is in decaauts)
 A = Elapsed time spent in this place.
 B = Non-inter-level travel time spent in this place.
 C = Inter-level travel time spent in this place.
 D = Time resting spent in this place.
 E = Time spent auto-exploring this place.
 F = Levels seen in this place.
 G = Mean time per level.
                   A        B        C        D        E       F      G
               +--------+--------+--------+--------+--------+-----+--------+
         Total |  12925 |  12124 |    801 |   1679 |   8140 |  15 |  861.7 |
       Dungeon |  11799 |  10998 |    801 |   1584 |   7641 |  11 | 1072.6 |
        Temple |      1 |      1 |      0 |      0 |      0 |   1 |    1.0 |
          Lair |    225 |    225 |      0 |      0 |     59 |   1 |  225.0 |
         Sewer |    547 |    547 |      0 |     89 |    277 |   1 |  547.0 |
      Gauntlet |    351 |    351 |      0 |      6 |    162 |   1 |  351.0 |
               +--------+--------+--------+--------+--------+-----+--------+

Top non-repeatable levels by time:
     D:4: 1754 daAuts
     D:7: 1674 daAuts
    D:10: 1413 daAuts
     D:6: 1274 daAuts
     D:5: 1101 daAuts
     D:3: 1013 daAuts
     D:1: 973 daAuts
     D:9: 911 daAuts
     D:8: 728 daAuts
    D:11: 602 daAuts
   Sewer: 547 daAuts
     D:2: 351 daAuts
Gauntlet: 351 daAuts
  Lair:1: 225 daAuts
  Temple: 1 daAuts
